 Dungeon Crawl Stone Soup version 0.27.1-1-g398f81649c (webtiles) character file.

Game seed: 18096767351219918057

1545 DearestLeader the Spear-Bearer (level 8, -4/60 (61) HPs)
             Began as a Merfolk Gladiator on Sept 15, 2021.
             Was a Follower of Ru.
             Slain by an ice beast (14 damage)
             ... on level 7 of the Dungeon.
             The game lasted 00:13:56 (7755 turns).

DearestLeader the Spear-Bearer (Merfolk Gladiator)  Turns: 7755, Time: 00:13:57

HP:   -4/60 (61)    AC:  5    Str: 16    XL:     8   Next: 87%
MP:   8/8           EV: 14    Int:  8    God:    Ru [*.....]
Gold: 172           SH:  6    Dex: 21    Spells: 7/7 levels left

rFire    . . .     SeeInvis .   a - +0 trident
rCold    . . .     Faith    .   v - +0 buckler
rNeg     + . .     Spirit   .   H - +1 robe {rN+}
rPois    +         Reflect  .   c - +0 helmet
rElec    .         Harm     .   (no cloak)
rCorr    .         Rampage  .   (no gloves)
Will     .....                  B - +0 pair of boots
Stlth    ++........             (no amulet)
HPRegen  0.20/turn              o - +6 ring of dexterity
MPRegen  0.11/turn              q - ring of poison resistance

@: lightly drained
A: unskilled 1, (nimble swimmer 2), mertail
a: Renounce Religion


You were on level 7 of the Dungeon.
You worshipped Ru.
Ru was aware of your devotion.
You visited 2 branches of the dungeon, and saw 8 of its levels.

You collected 275 gold pieces.
You spent 103 gold pieces at shops.

Inventory:

Hand Weapons
 a - a +0 trident (weapon)
 E - a +5 dagger of holy wrath
 I - a +1 flail of holy wrath
 J - a +0 halberd
Missiles
 d - 3 throwing nets
 l - 44 poisoned darts (quivered)
 u - 89 sling bullets
Armour
 b - a +0 leather armour
 c - a +0 helmet (worn)
 v - a +0 buckler (worn)
 B - a +0 pair of boots (worn)
 H - a +1 robe of positive energy (worn)
Jewellery
 o - a +6 ring of dexterity (left hand)
 q - a ring of poison resistance (right hand)
 A - a ring of wizardry
 D - a ring of positive energy
Wands
 C - a wand of iceblast (11)
Scrolls
 e - a scroll of enchant armour {unknown}
 f - 3 scrolls of noise {unknown}
 h - 3 scrolls of fog
 i - a scroll of teleportation
 p - 7 scrolls of identify
 s - 2 scrolls of magic mapping {unknown}
 x - a scroll of brand weapon {unknown}
 y - a scroll of acquirement {unknown}
 F - a scroll of summoning
Potions
 g - a potion of flight {unknown}
 j - a potion of ambrosia {unknown}
 k - 4 potions of curing {unknown}
 m - 5 potions of brilliance {unknown}
 n - 2 potions of magic {unknown}
 r - 2 potions of haste {unknown}
 t - a potion of mutation {unknown}
 w - 2 potions of heal wounds {unknown}
 z - 4 potions of lignification {unknown}
 G - a potion of cancellation {unknown}


   Skills:
 + Level 4.8 Fighting
 * Level 11.7 Polearms
 - Level 1.7 Throwing
 - Level 3.6 Dodging
 - Level 4.0 Shields


You had 7 spell levels left.
You didn't know any spells.
Your spell library contained the following spells:

 Spells                   Type           Power      Damage    Failure   Level
 Sublimation of Blood     Necr           0%         N/A       54%         2
 Wereblood                Tmut           0%         N/A       54%         2
 Tukima's Dance           Hex            0%         N/A       78%         3
 Passage of Golubria      Tloc           N/A        N/A       99%         4
 Yara's Violent Unravell  Hex/Tmut       0%         3d3       100%        5
 Summon Hydra             Summ           0%         N/A       100%        7


Dungeon Overview and Level Annotations

Branches:
Dungeon (7/15)             Temple (1/1) D:4

Altars:
Ashenzari
Dithmenos
Elyvilon
Fedhas
Gozag
Hepliaklqana
Kikubaaqudgha
Makhleb
Nemelex Xobeh
Qazlal
Ru
Vehumet
Wu Jian
Yredelemnul
Zin

Shops:
D:5 ([((

Annotations:
D:2 Sigmund
D:5 2 transporters, Eustachio; angelmind's ghost, amateur FoEE


Innate Abilities, Weirdness & Mutations

You are somewhat unskilled. (-1 Apt)
((You are quick and stealthy near water. (Stealth+, EV+, Speed+++)))
Your lower body shifts to a powerful aquatic tail in water.


Message History

* * * LOW HITPOINT WARNING * * *
You completely miss the gnoll.
The gnoll is almost dead.
The gnoll closely misses you.
You hit the gnoll.
You kill the gnoll!
You hit the wight but do no damage. You hit the wight.
The wight is moderately damaged.
The wight hits you with a +4 mace.
* * * LOW HITPOINT WARNING * * *
You closely miss the wight.
The wight is moderately damaged.
You block the wight's attack.
You closely miss the wight.
The wight is moderately damaged.
You hit the wight.
The wight is severely damaged.
The wight closely misses you.
You hit the wight.
The wight is severely damaged.
The wight hits you with a +4 mace.
* * * LOW HITPOINT WARNING * * *
You hit the wight.
You destroy the wight!
You barely miss the ice beast.
The ice beast hits you but does no damage.
You barely miss the ice beast. You hit the ice beast but do no damage.
The ice beast completely misses you.
You hit the ice beast but do no damage. You block the ice beast's attack.
You barely miss the ice beast. You hit the ice beast.
The ice beast is lightly wounded.
The ice beast hits you but does no damage.
You hit the ice beast but do no damage.
The ice beast is lightly wounded.
The ice beast hits you.
* * * LOW HITPOINT WARNING * * *
The ice beast freezes you!
You die...

.#...##.#............#.)..
#######.######..........#
#..........).#..........#
#.####.##..).#..........#
.....#..#..).).#....#.....
#.##.#..+.................
#....#.##...####.#####.###
..###.......# #.........
..'.+.......# #@####.####
..###.......# #Y#
#.######## ..#
#.......####.####.........
..#
#........##...............
.[#
######...##...............
..# #...##...............
### #...##...............
#...##................
#...##.......)........


You could see an ice beast.

Vanquished Creatures
  Grinder (D:5)
  Menkaure (D:4)
  2 water moccasins
  An ice beast (D:6)
  A centaur (D:5)
  A phantom (D:7)
  5 wights
  2 bullfrog zombies (D:5)
  A hound (D:6)
  2 orc priests
  A centaur skeleton (D:6)
  A gnoll shaman (D:7)
  Ijyb (D:4)
  An iguana (D:4)
  5 orc wizards
  A killer bee zombie (D:7)
  4 gnolls
  4 adders
  A shadow imp (D:6)
  2 white imps (D:5)
  An adder skeleton (D:5)
  4 dart slugs
  17 orcs
  4 ball pythons
  8 bats
  5 endoplasms
  A giant cockroach (D:3)
  12 goblins
  3 hobgoblins
  A quokka (D:2)
  3 frilled lizards (D:1)
  8 kobolds
  7 rats
112 creatures vanquished.

Vanquished Creatures (others)
  6 plants (D:5)
6 creatures vanquished.

Grand Total: 118 creatures vanquished

Notes
Turn   | Place    | Note
-------+----------+-------------------------------------------
     0 | D:1      | DearestLeader the Merfolk Gladiator began the quest for the
                  | Orb.
     0 | D:1      | Reached XP level 1. HP: 16/16 MP: 1/1
   197 | D:1      | Reached XP level 2. HP: 18/23 MP: 2/2
   199 | D:1      | Reached skill level 5 in Polearms
   812 | D:1      | Reached XP level 3. HP: 26/28 MP: 3/3
  1048 | D:2      | Noticed Sigmund
  1296 | D:3      | Found a blossoming altar of Fedhas.
  1365 | D:3      | Reached skill level 6 in Polearms
  1607 | D:3      | Reached XP level 4. HP: 35/35 MP: 4/4
  2477 | D:4      | Noticed Menkaure
  2522 | D:4      | Found a staircase to the Ecumenical Temple.
  2529 | Temple   | Entered the Ecumenical Temple
  2534 | Temple   | Became a worshipper of Ru the Awakened
  2735 | D:4      | Identified the +6 quarterstaff of the Lettuce {pain, Int+3}
  2775 | D:4      | Reached skill level 7 in Polearms
  2961 | D:4      | Reached skill level 1 in Shields
  2993 | D:4      | Killed Menkaure
  2994 | D:4      | Reached skill level 8 in Polearms
  2994 | D:4      | Reached XP level 5. HP: 41/41 MP: 5/5
  3039 | D:4      | Reached XP level 6. HP: 47/47 MP: 6/6
  3273 | D:4      | Noticed Ijyb
  3298 | D:4      | Killed Ijyb
  3552 | D:5      | Entered Level 5 of the Dungeon
  3553 | D:5      | Found a radiant altar of Vehumet.
  4159 | D:5      | Found Gorosang's Weapon Shoppe.
  4168 | D:5      | Noticed Grinder
  4186 | D:5      | Killed Grinder
  4187 | D:5      | Reached skill level 9 in Polearms
  4187 | D:5      | Reached XP level 7. HP: 28/52 MP: 7/7
  4376 | D:5      | Reached skill level 10 in Polearms
  4590 | D:5      | Found Fak Xukh's Weapon Boutique.
  4706 | D:5      | Found Zuzusek's Antique Armour Shoppe.
  4714 | D:5      | Bought an embroidered robe for 103 gold pieces
  4760 | D:5      | Found a transporter.
  4761 | D:5      | Found a transporter.
  4798 | D:5      | Noticed angelmind's ghost (amateur FoEE)
  4976 | D:5      | Found Ciurhuih's Weapon Shoppe.
  5150 | D:5      | Noticed Eustachio
  5408 | D:6      | Gained mutation: You are somewhat unskilled. (-1 Apt) [Ru
                  | sacrifice]
  5408 | D:6      | Reduced skill Throwing to level 1
  5408 | D:6      | Reached * piety under Ru
  5494 | D:6      | Reached XP level 8. HP: 58/58 MP: 8/8
  6381 | D:6      | Found a sparkling altar of Nemelex Xobeh.
  6381 | D:6      | Found an opulent altar of Gozag.
  6527 | D:7      | Noticed a skeletal warrior
  6529 | D:7      | Noticed a skeletal warrior
  6673 | D:7      | Reached skill level 11 in Polearms
  7755 | D:7      | Slain by an ice beast

Illustrated notes

Levels and vault maps discovered:
D:1:      minmay_arrival_checkered_box, layout_loops_cross,
          wander_ebering_terrifying_dragon_lair
D:2:      layout_rooms, palyth_stone_intersect, uniq_sigmund
D:3:      layout_loops_corners, mainiacjoe_overflow_boulevard
D:4:      kennysheep_the_goblin_king, layout_basic, minmay_temple_entry_wispy,
          uniq_menkaure
D:5:      layout_rooms, mainiacjoe_overflow_small_starburst, serial_shops, shop,
          nicolae_stop_n_shop_2, shop, nicolae_diamond_shop,
          gammafunk_ghost_gnarly_gnolls, uniq_eustachio, uniq_grinder
D:6:      layout_rooms, grunt_temple_overflow_opulence, serial_glass,
          glass_columns_a, glass_columns_c
D:7:      layout_basic, kennysheep_little_box
Temple:   minmay_freezing_vapour_temple

Skill      XL: |  1  2  3  4  5  6  7  8 |
---------------+-------------------------+-----
Polearms       | 5 6 8 9 10 11 | 11.7
Fighting       | 3 4 |  4.8
Shields        | 2 3 3 4 |  4.0
Throwing       | 1 |  1.7
Dodging        | 3 |  3.6

Action                   |  1- 3 |  4- 6 |  7- 9 || total
-------------------------+-------+-------+-------++-------
Melee: Trident           |   107 |    93 |   290 ||   490
       Tailslap          |       |       |     2 ||     2
Invok: Sacrifice Skill   |       |       |     1 ||     1
  Use: Scroll            |       |       |     2 ||     2
 Stab: Sleeping          |     1 |       |     1 ||     2
Armor: Leather armour    |     5 |       |       ||     5
       Ring mail         |    15 |    29 |    11 ||    55
       Robe              |       |       |    34 ||    34
Dodge: Dodged            |    34 |    32 |   119 ||   185
Block: Buckler           |       |    19 |    67 ||    86
